 Dungeon Crawl Stone Soup version 0.25.1-2-g60ff931df9 (webtiles) character file.

Game seed: 720081091459453573

1027 DearestLeader the Chopper (level 8, -3/61 HPs)
             Began as a Demonspawn Gladiator on Oct 25, 2020.
             Slain by a flayed ghost (6 damage)
             ... on level 1 of the Abyss.
             The game lasted 00:09:25 (5778 turns).

DearestLeader the Chopper (Demonspawn Gladiator)    Turns: 5778, Time: 00:09:26

Health: -3/61      AC: 15    Str: 17    XL:     8   Next: 3%
Magic:  8/8        EV:  8    Int:  9    God:
Gold:   268        SH:  0    Dex: 15    Spells: 7/7 levels left

rFire    + . .     SeeInvis .   b - +5 hand axe
rCold    + . .     Gourm    .   (no shield)
rNeg     . . .     Faith    .   o - +0 chain mail
rPois    .         Spirit   .   v - +2 helmet
rElec    .         Reflect  .   (no cloak)
rCorr    .         Harm     .   s - +2 pair of gloves {archery}
MR       .....                  (no boots)
Stlth    ..........             (no amulet)
HPRegen  0.20/turn              n - ring of stealth
MPRegen  0.11/turn              l - ring of protection from fire

@: no status effects
A: talons 1, thin skeletal structure 1, clumsy 1, cold resistance 1, rot
immunity
a: no special abilities


You were on level 1 of the Abyss.
You were hungry.

You visited 1 branch of the dungeon, and saw 5 of its levels.
You visited the Abyss 1 time.

You collected 268 gold pieces.

Inventory:

Hand Weapons
 a - a +0 war axe
 b - a +5 hand axe (weapon)
Missiles
 d - 3 throwing nets (quivered)
Armour
 o - a +0 chain mail (worn)
 s - a +2 pair of gloves of archery (worn)
 v - a +2 helmet (worn)
Jewellery
 g - a +4 ring of protection
 l - a ring of protection from fire (right hand)
 n - a ring of stealth (left hand)
Wands
 u - a wand of flame (20)
 x - a wand of polymorph (5)
Scrolls
 c - 2 scrolls of teleportation
 e - 2 scrolls of immolation {unknown}
 i - 3 scrolls of identify
 j - 2 scrolls of amnesia {unknown}
 k - 2 scrolls of blinking {unknown}
 m - a scroll of enchant armour {unknown}
 q - a scroll of fear {unknown}
 t - a scroll of remove curse {unknown}
Potions
 h - a potion of degeneration {unknown}
 p - 2 potions of curing {unknown}
 r - 2 potions of cancellation {unknown}
 w - 2 potions of brilliance {unknown}
Comestibles
 f - 17 rations


   Skills:
 + Level 4.9 Fighting
 * Level 6.7 Axes
 - Level 1.7 Throwing
 + Level 3.7 Armour
 - Level 3.0 Dodging


You had 7 spell levels left.
You didn't know any spells.
Your spell library was empty.

Dungeon Overview and Level Annotations

Branches:
Dungeon (5/15)
 Temple: D:4-7

Altars:
The Shining One

Shops:
D:4 (

Annotations:
D:5 3 runed translucent doors, Toogi's ghost, novice DsAr


Innate Abilities, Weirdness & Mutations

You have sharp toenails.
You have a somewhat thin skeletal structure. (Dex +2, Stealth)
Your flesh is cold resistant. (rC+)
You are immune to rotting.
You are clumsy. (Dex -2)


Message History

Your chain mail prevents you from hitting the flayed ghost.
Your kick misses the flayed ghost.
The flayed ghost is heavily damaged.
The flayed ghost hits you.
You slash the flayed ghost!
The flayed ghost is heavily damaged.
The flayed ghost hits you but does no damage.
Your chain mail prevents you from hitting the flayed ghost.
Your kick misses the flayed ghost.
The flayed ghost is heavily damaged.
The flayed ghost hits you!
* * * LOW HITPOINT WARNING * * *
You hit the flayed ghost. You claw the flayed ghost.
The flayed ghost is severely damaged.
The flayed ghost hits you!
* * * LOW HITPOINT WARNING * * *
You slash the flayed ghost! You claw the flayed ghost.
The flayed ghost is almost destroyed.
The flayed ghost hits you.
You die...

.. .#
.. .
.. .
.###.
...#
..##
#W.#
#@#
#.#
.##
##


You could see a flayed ghost.

Vanquished Creatures
  Duvessa (D:5)
  A necrophage (D:5)
  2 ogres
  A phantom (D:4)
  Dowan (D:5)
  3 wights (D:4)
  A howler monkey (D:5)
  A jelly (D:5)
  An orc priest (D:4)
  A worker ant (D:5)
  3 gnolls (D:3)
  8 adders
  A shadow imp (D:5)
  2 white imps (Abyss:1)
  An ooze (D:1)
  3 adder skeletons
  8 worms
  2 dart slugs (D:1)
  3 leopard geckos
  4 orcs
  4 ball pythons
  8 bats
  8 giant cockroaches
  12 goblins
  6 hobgoblins
  13 jackals
  9 kobolds
  5 quokkas
  4 frilled lizards
  A leopard gecko skeleton (D:5)
  A leopard gecko zombie (D:5)
  12 rats
131 creatures vanquished.

Vanquished Creatures (others)
  3 plants
  4 starspawn tentacles (Abyss:1)
7 creatures vanquished.

Grand Total: 138 creatures vanquished

Notes
Turn   | Place    | Note
-------+----------+-------------------------------------------
     0 | D:1      | DearestLeader the Demonspawn Gladiator began the quest for
                  | the Orb.
     0 | D:1      | Reached XP level 1. HP: 16/16 MP: 1/1
   209 | D:1      | Reached skill level 3 in Axes
   209 | D:1      | Gained mutation: You have sharp toenails. [demonic
                  | ancestry]
   209 | D:1      | Reached XP level 2. HP: 22/22 MP: 2/2
   827 | D:1      | Reached XP level 3. HP: 26/27 MP: 3/3
  1901 | D:2      | Reached XP level 4. HP: 34/34 MP: 4/4
  1991 | D:2      | Reached skill level 4 in Axes
  2501 | D:3      | Reached skill level 1 in Armour
  2828 | D:3      | Gained mutation: You are immune to rotting. [demonic
                  | ancestry]
  2828 | D:3      | Reached XP level 5. HP: 40/40 MP: 5/5
  3359 | D:3      | Noticed an ogre
  3428 | D:4      | Noticed a phantom
  3446 | D:4      | Killed a phantom
  3600 | D:4      | Reached skill level 5 in Axes
  3600 | D:4      | Gained mutation: You have a somewhat thin skeletal
                  | structure. (Dex +2, Stealth) [demonic ancestry]
  3600 | D:4      | Reached XP level 6. HP: 38/47 MP: 6/6
  3673 | D:4      | Found a glowing golden altar of the Shining One.
  3944 | D:4      | Found Kicua's Antique Weapon Shop.
  4038 | D:5      | Entered Level 5 of the Dungeon
  4193 | D:5      | Noticed Dowan
  4193 | D:5      | Noticed Duvessa
  4218 | D:5      | Killed Duvessa
  4218 | D:5      | Gained mutation: Your flesh is cold resistant. (rC+)
                  | [demonic ancestry]
  4218 | D:5      | Reached XP level 7. HP: 44/54 MP: 7/7
  4228 | D:5      | Killed Dowan
  4228 | D:5      | Reached skill level 6 in Axes
  5224 | D:5      | Found a runed translucent gate.
  5224 | D:5      | Found a runed translucent gate.
  5224 | D:5      | Noticed Toogi's ghost (novice DsAr)
  5225 | D:5      | Found a runed translucent gate.
  5226 | D:5      | Identified the +10 short sword "Pudoxace" {elec, rPois}
  5601 | D:4      | Reached XP level 8. HP: 47/61 MP: 8/8
  5607 | D:4      | Cast into level 1 of the Abyss (orc wizard)
  5745 | Abyss:1  | Noticed a tentacled starspawn
  5747 | Abyss:1  | Noticed a purple draconian knight
  5756 | Abyss:1  | Gained mutation: You are clumsy. (Dex -2) [a neqoxec]
  5768 | Abyss:1  | Noticed an apocalypse crab
  5770 | Abyss:1  | Noticed a flayed ghost
  5777 | Abyss:1  | HP: 3/61 [flayed ghost (15)]
  5778 | Abyss:1  | Slain by a flayed ghost

Illustrated notes

Levels and vault maps discovered:
D:1:      minmay_arrival_split_and_join, layout_basic, minmay_misc_feat_doors,
          minmay_close_crescents
D:2:      layout_loops_ring, first_ration, kennysheep_boxes
D:3:      layout_rooms
D:4:      layout_loops_ring, serial_bayou, serial_bayou_pond_c,
          serial_bayou_pond_c, serial_bayou_pond_a, serial_bayou_shore_a,
          serial_shops, shop, nicolae_tso_carved_into_rock
D:5:      layout_loops_corners, gammafunk_ghost_nasty_kobolds, uniq_duvessa
Abyss:1:  base: D:2, base:
D:2

Skill      XL: |  1  2  3  4  5  6  7 |
---------------+----------------------+-----
Axes           | 3 4 5 6 |  6.7
Dodging        | 3 |  3.0
Armour         | 1 2 3 |  3.7
Fighting       | 3 4 |  4.9
Throwing       | |  1.7

Action                   |  1- 3 |  4- 6 |  7- 9 || total
-------------------------+-------+-------+-------++-------
Melee: War axe           |    94 |   125 |       ||   219
       Kick              |    19 |    43 |    35 ||    97
       Hand axe          |       |    49 |    93 ||   142
  Use: Scroll            |       |       |     1 ||     1
  Eat: Chunk             |     3 |     8 |     4 ||    15
Armor: Leather armour    |    19 |       |       ||    19
       Ring mail         |    20 |       |       ||    20
       Chain mail        |     6 |    93 |    45 ||   144
Dodge: Dodged            |    75 |    49 |    29 ||   153
